 Dungeon Crawl Stone Soup version 0.23-a0-183-gf37f6fb (webtiles) character file.

7944 4thArraOfDagon the Carver (level 11, -8/79 HPs)
             Began as a Mummy Warper on June 28, 2018.
             Was an Elder of Ru.
             Engulfed by an ice statue's freezing vapour (27 damage)
             ... in an ice cave on Sept 21, 2018.
             The game lasted 00:30:25 (8255 turns).

4thArraOfDagon the Carver (Mummy Warper)            Turns: 8255, Time: 00:30:26

Health: -8/79      AC:  9    Str: 15    XL:     11   Next: 3%
Magic:  13/13      EV: 16    Int: 16    God:    Ru [****..]
Gold:   615        SH:  0    Dex: 11    Spells: 15/15 levels left

rFire    x x .     SeeInvis .   z - +5 triple sword
rCold    . . .     Gourm    .   (shield currently unavailable)
rNeg     + + +     Faith    .   C - +0 troll leather armour
rPois    ∞         Spirit   .   t - +0 helmet
rElec    .         Reflect  .   s - +1 cloak
rCorr    .         Harm     .   e - +0 pair of gloves
MR       ++...                  (no boots)
Stlth    +.........             (no amulet)
HPRegen  0.63/turn              c - +4 ring of evasion
MPRegen  0.13/turn              k - ring of protection from magic

@: exhausted, horrified, drained
A: no food or potions, fire vulnerability, cold resistance 1, low mp 1, negative
energy resistance 3, torment resistance, unbreathing, cowardly, temperature
sensitive
a: Draw Out Power, Power Leap, Renounce Religion


You were in an ice cave.
You worshipped Ru.
Ru was greatly pleased with you.
You were not hungry.

You visited 2 branches of the dungeon, and saw 12 of its levels.
You also visited: Ice Cave.

You collected 750 gold pieces.
You spent 135 gold pieces at shops.

Inventory:

Hand Weapons
 a - a +0 falchion
 p - a +2 long sword
 z - a +5 triple sword (weapon)
 B - the +2 trident of Malaise {pierce, rF+ rC- Stlth+}
   (You found it on level 9 of the Dungeon)

   It inflicts extra damage upon your enemies.
   It protects you from fire.
   It makes you vulnerable to cold.
   It makes you more stealthy.
Missiles
 u - 10 tomahawks (quivered)
Armour
 e - a +0 pair of gloves (worn)
 n - a +2 scale mail of magic resistance
 s - a +1 cloak (worn)
 t - a +0 helmet (worn)
 w - a +2 chain mail of fire resistance
 C - a +0 troll leather armour (worn)
Magical Staves
 x - an uncursed staff of poison
Jewellery
 b - an uncursed ring of protection from magic
 c - a +4 ring of evasion (left hand)
 k - a ring of protection from magic (right hand)
 A - an uncursed ring of resist corrosion
Wands
 g - a wand of flame (10)
 D - a wand of polymorph (10)
Scrolls
 d - 2 scrolls of blinking
 f - a scroll of torment
 h - 2 scrolls of holy word
 i - a scroll of noise
 j - 7 scrolls of remove curse
 m - 4 scrolls of enchant armour
 o - 2 scrolls of identify
 q - 4 scrolls of magic mapping
 r - 3 scrolls of immolation
 v - a scroll of teleportation
 y - a scroll of fog


   Skills:
 - Level 5.0(4.4) Fighting
 * Level 12.4(11.6) Long Blades
 - Level 0.7(0.1) Throwing
 - Level 4.1(3.5) Armour
 - Level 4.0(3.3) Dodging
 - Level 2.6(2.1) Spellcasting
   Level 2.4(1.8) Translocations


You had 15 spell levels left.
You didn't know any spells.
Your spell library contained the following spells:

 Spells                   Type           Power        Failure   Level  Hunger
 Apportation              Tloc           #.....       12%         1    N/A
 Blink                    Tloc           N/A          19%         2    N/A
 Animate Skeleton         Necr           N/A          26%         1    N/A
 Confusing Touch          Hex            #.....       26%         1    N/A
 Summon Small Mammal      Summ           #...         26%         1    N/A
 Shroud of Golubria       Chrm/Tloc      #.........   26%         2    N/A
 Gell's Gravitas          Tloc           #.........   34%         3    N/A
 Lesser Beckoning         Tloc           #.........   34%         3    N/A
 Teleport Other           Tloc           #.......     34%         3    N/A
 Passage of Golubria      Tloc           N/A          75%         4    N/A

Dungeon Overview and Level Annotations

Branches:
Dungeon (11/15)            Temple (1/1) D:5            Lair (0/6) D:9
    Orc: D:9-12

Altars:
Ashenzari
Dithmenos
Elyvilon
Gozag
Kikubaaqudgha
Nemelex Xobeh
Okawaru
Ru
Sif Muna
Trog
Uskayaw
Xom
Yredelemnul

Shops:
D:6 ?   D:11 *

Annotations:
IceCv exclusion: 2 ice statues


Innate Abilities, Weirdness & Mutations

You do not eat or drink.
Your flesh is vulnerable to fire.
You are immune to poison.
Your flesh is cold resistant. (rC+)
Your magical capacity is low. (-10% MP)
You are immune to negative energy. (rN+++)
You are immune to unholy pain and torment.
You can survive without breathing.
Your cowardice makes you less effective in combat with threatening monsters.
You are sensitive to extremes of temperature. (rF-, rC-)


Message History

You are engulfed in freezing vapours.
The ice statue gestures.
You reel with horror at the sight of these foes!
Unknown command.
Unknown command.
Unknown command.
You are engulfed in freezing vapours.
* * * LOW HITPOINT WARNING * * *
Unknown command.
Unknown command.
Unknown command.
You are restored by drawing out deep reserves of power within.
You feel drained.
You are engulfed in freezing vapours.
* * * LOW HITPOINT WARNING * * *
The ice beast hits you but does no damage.
Unknown command.
Unknown command.
Unknown command.
You are engulfed in freezing vapours.
You die...

##...# #...##
#...## ##...##
##...# ##..#
##..## #..##
##.@####
##8#.§§§#8#
#......§YY.#
.......§§§.#
.............#
.#..........##
##..........
##........##
#####...##


You could see 2 ice beasts.

Vanquished Creatures
  2 gargoyles (D:11)
  3 trolls
  2 hippogriffs
  A basilisk (D:11)
  A hungry ghost (D:7)
  A vampire mosquito (D:9)
  2 wargs (D:9)
  A water moccasin (D:9)
  Duvessa (D:6)
  3 ice beasts
  4 sky beasts
  3 black bears
  3 orc warriors
  4 ogres
  A phantom (D:10)
  A centaur (D:6)
  7 big kobolds
  Dowan (D:6)
  5 bullfrogs
  2 scorpions
  A water moccasin skeleton (D:7)
  15 killer bees
  5 wights (D:6)
  5 electric eels
  4 crimson imps
  2 bullfrog zombies
  2 centaur zombies
  6 hounds
  2 bullfrog skeletons (D:10)
  6 orc priests
  Jessica (D:3)
  4 iguanas
  Ijyb (D:4)
  Terence (D:2)
  12 orc wizards
  6 worker ants
  12 adders
  4 gnolls (D:7)
  2 shadow imps
  17 white imps
  8 ufetubi (IceCv)
  3 oozes
  An adder skeleton (D:5)
  An adder zombie (D:10)
  3 worms
  A dart slug (D:1)
  5 leopard geckos
  40 orcs
  7 bats
  6 giant cockroaches
  4 goblins
  11 hobgoblins
  7 jackals
  6 quokkas
  3 ball pythons
  3 frilled lizards
  A jackal skeleton (D:8)
  57 kobolds
  A leopard gecko skeleton (D:3)
  A quokka skeleton (D:5)
  8 rats
333 creatures vanquished.

Vanquished Creatures (others)
  A reaper (IceCv)
  A white imp (IceCv)
  An ufetubus (IceCv)
3 creatures vanquished.

Grand Total: 336 creatures vanquished

Notes
Turn   | Place    | Note
-------+----------+-------------------------------------------
     0 | D:1      | 4thArraOfDagon the Mummy Warper began the quest for the
                  | Orb.
     0 | D:1      | Reached XP level 1. HP: 16/16 MP: 4/4
    63 | D:2      | Noticed a worker ant
    94 | D:2      | Killed a worker ant
    94 | D:2      | Reached skill level 2 in Long Blades
    94 | D:2      | Reached XP level 2. HP: 14/22 MP: 5/5
   149 | D:2      | Reached XP level 3. HP: 23/27 MP: 7/7
   165 | D:2      | Reached skill level 3 in Long Blades
   433 | D:3      | Noticed Jessica
   444 | D:3      | Killed Jessica
   444 | D:3      | Reached XP level 4. HP: 21/33 MP: 8/8
   585 | D:5      | Entered Level 5 of the Dungeon
   605 | D:5      | Found a sparkling altar of Nemelex Xobeh.
   628 | D:5      | Noticed a sky beast
   674 | D:6      | Noticed a centaur
  1033 | D:6      | Reached skill level 4 in Long Blades
  1045 | D:6      | Reached XP level 5. HP: 26/38 MP: 9/9
  1309 | D:6      | Noticed an ogre
  1329 | D:4      | Noticed Ijyb
  1365 | D:4      | Killed Ijyb
  1365 | D:4      | Reached skill level 5 in Long Blades
  1537 | D:4      | Noticed an ogre
  1542 | D:4      | Killed an ogre
  1542 | D:4      | Reached skill level 1 in Armour
  1542 | D:4      | Reached XP level 6. HP: 44/46 MP: 10/10
  1944 | D:4      | Sergey: hello
  2178 | D:6      | Found Ische's Magic Scroll Boutique.
  2219 | D:6      | Bought a scroll of identify for 30 gold pieces
  2219 | D:6      | Bought a scroll of identify for 30 gold pieces
  2219 | D:6      | Bought a scroll of remove curse for 45 gold pieces
  2219 | D:6      | Bought a scroll of identify for 30 gold pieces
  2231 | D:6      | Reached XP level 7. HP: 28/52 MP: 11/11
  2641 | D:5      | Found a staircase to the Ecumenical Temple.
  2650 | Temple   | Entered the Ecumenical Temple
  2689 | Temple   | Became a worshipper of Ru the Awakened
  2942 | D:5      | Reached XP level 8. HP: 61/61 MP: 12/12
  3893 | D:1      | Gained mutation: Your magical capacity is low. (-10% MP)
                  | [Ru sacrifice]
  4201 | D:2      | Noticed Terence
  4217 | D:2      | Killed Terence
  4819 | D:3      | Reached skill level 5 in Fighting
  5254 | D:6      | Noticed Duvessa
  5273 | D:6      | Killed Duvessa
  5273 | D:6      | Reached skill level 6 in Long Blades
  5306 | D:6      | Noticed Dowan
  5322 | D:6      | Killed Dowan
  5416 | D:6      | Reached skill level 7 in Long Blades
  5426 | D:6      | Reached XP level 9. HP: 65/68 MP: 11/11
  5810 | D:7      | Reached skill level 8 in Long Blades
  5868 | D:7      | Gained mutation: You are sensitive to extremes of
                  | temperature. (rF-, rC-) [Ru sacrifice]
  5868 | D:7      | Reached * piety under Ru
  5868 | D:7      | Reached ** piety under Ru
  5868 | D:7      | Reached *** piety under Ru
  6210 | D:8      | Reached skill level 9 in Long Blades
  6293 | D:7      | Upgraded the game from 0.22-a0-565-gfc6459a to
                  | 0.23-a0-183-gf37f6fb
  6529 | D:8      | Noticed a two-headed ogre
  6530 | D:8      | Noticed a two-headed ogre
  6724 | D:9      | Found a sparkling altar of Nemelex Xobeh.
  6736 | D:9      | Got an ebony trident
  6737 | D:9      | Identified the +2 trident of Malaise {pierce, rF+ rC-
                  | Stlth+} (You found it on level 9 of the Dungeon)
  6773 | D:9      | Reached skill level 10 in Long Blades
  6816 | D:10     | Entered Level 10 of the Dungeon
  6824 | D:10     | Reached XP level 10. HP: 39/74 MP: 12/12
  7057 | D:9      | Found a staircase to the Lair.
  7185 | D:9      | Found a basalt altar of Yredelemnul.
  7185 | D:9      | Found an iron altar of Okawaru.
  7215 | D:9      | Gained mutation: Your cowardice makes you less effective in
                  | combat with threatening monsters. [Ru sacrifice]
  7215 | D:9      | Reached **** piety under Ru
  7250 | D:9      | Reached skill level 11 in Long Blades
  7323 | D:10     | Found an iron altar of Okawaru.
  7447 | D:10     | Found a shadowy altar of Dithmenos.
  7831 | D:11     | Reached skill level 12 in Long Blades
  7898 | D:11     | Noticed a gargoyle
  7899 | D:11     | Found Iloirch's Pet Rocks.
  7900 | D:11     | Noticed a gargoyle
  7953 | D:11     | Killed a gargoyle
  7953 | D:11     | Killed a gargoyle
  8003 | D:11     | Reached XP level 11. HP: 79/79 MP: 13/13
  8017 | D:11     | Found a frozen archway.
  8076 | IceCv    | Entered an ice cave
  8180 | IceCv    | Killed a reaper
  8255 | IceCv    | Engulfed by an ice statue's freezing vapour

Vault maps used:
D:1:      dpeg_arrival_line_fractal, minmay_heptomino_d4
D:2:      uniq_terence
D:3:      uniq_jessica
D:4:      uniq_ijyb
D:5:      minmay_temple_entry_statues, basic_altar, first_ration,
          hangedman_abyss_or_decor_slice
D:6:      minmay_goblin_kobold_castle, serial_shops, nicolae_shop_behind_doors,
          uniq_duvessa
D:7:      serial_bayou_pond_a
D:9:      amethyst_overflow_temple_binary, erik_lair_orcish_takeover,
          erik_orc_2, blue_anna_alchemist, nemelex_lonely_heart_becter
D:10:     basic_altar, nicolae_dithmenos_shadow_blocks
D:11:     portal_ice_cave_entry_imps, grunt_ministairs_3, guppyfry_shop_earth
Temple:   regret_index_temple_chain_breaker
IceCv:    ice_cave_small_demon

Skill      XL: |  1  2  3  4  5  6  7  8  9 10 |
---------------+-------------------------------+-----
Long Blades    | 2 3 4 5 7 10 12 | 12.4
Armour         | 1 2 3 4 |  4.1
Dodging        | 2 3 4 |  4.0
Fighting       | 3 4 5 |  5.0
Throwing       | |  0.7
Spellcasting   | |  2.6
Translocations | |  2.4

Action                   |  1- 3 |  4- 6 |  7- 9 | 10-12 || total
-------------------------+-------+-------+-------+-------++-------
Melee: Falchion          |    66 |   144 |    52 |       ||   262
       Long sword        |       |       |   698 |       ||   698
       Triple sword      |       |       |    38 |   262 ||   300
Throw: Tomahawk          |     5 |       |       |       ||     5
Invok: Sacrifice Essence |       |       |     1 |       ||     1
       Draw Out Power    |       |       |     1 |     4 ||     5
       Sacrifice Resista |       |       |     1 |       ||     1
       Power Leap        |       |       |       |     1 ||     1
       Sacrifice Courage |       |       |       |     1 ||     1
Evoke: Wand              |       |    23 |    48 |     8 ||    79
  Use: Scroll            |       |     6 |    12 |     3 ||    21
 Stab: Distracted        |       |       |     1 |     2 ||     3
       Petrified         |       |       |       |     3 ||     3
Armor: Ring mail         |    28 |    50 |       |       ||    78
       Scale mail        |       |     5 |   117 |       ||   122
       Chain mail        |       |       |   337 |    45 ||   382
       Troll leather arm |       |       |       |    81 ||    81
Dodge: Dodged            |    37 |   109 |   562 |   274 ||   982
       Rpst.: Falchion   |    10 |    34 |     8 |       ||    52
       Long sword        |       |       |   155 |       ||   155
       Triple sword      |       |       |    14 |    61 ||    75

Table legend:
 A = Non-vault XP
 B = Vault XP
 C = Vault XP percentage of total XP
 D = Non-vault monster count
 E = Vault monster count
 F = Vault count percentage of total count
                 A         B        C        D         E       F
            +---------+---------+-------+---------+---------+-------
      Total |    9179 |    2170 |  19.1 |     285 |      48 |  14.4
            +---------+---------+-------+---------+---------+-------
        D:1 |      62 |       0 |   0.0 |      32 |       0 |   0.0
        D:2 |     118 |       0 |   0.0 |      18 |       0 |   0.0
        D:3 |     136 |       0 |   0.0 |      26 |       0 |   0.0
        D:4 |     385 |       0 |   0.0 |      12 |       0 |   0.0
        D:5 |     375 |       0 |   0.0 |      15 |       0 |   0.0
        D:6 |    2006 |       0 |   0.0 |      86 |       0 |   0.0
        D:7 |    1477 |       0 |   0.0 |      31 |       0 |   0.0
        D:8 |     232 |       0 |   0.0 |      10 |       0 |   0.0
        D:9 |    1730 |     926 |  34.9 |      20 |      19 |  48.7
       D:10 |    1892 |       3 |   0.2 |      24 |       1 |   4.0
       D:11 |     766 |    1130 |  59.6 |      11 |      15 |  57.7
      IceCv |       0 |     111 | 100.0 |       0 |      13 | 100.0
            +---------+---------+-------+---------+---------+-------
